 Dungeon Crawl Stone Soup version 0.17-a0-1481-gfdcec5c (webtiles) character file.

116815 Geeful the Stickfighter (level 16, -3/149 HPs)
             Began as a Minotaur Gladiator on June 30, 2015.
             Was a High Priest of Okawaru.
             Slain by a jumping spider (14 damage)
             ... on level 3 of the Spider Nest on July 4, 2015.
             The game lasted 02:00:40 (31010 turns).

Geeful the Stickfighter (Minotaur Gladiator)       Turns: 31010, Time: 02:00:40

Health: -3/149     AC: 26    Str: 20      XL:     16   Next: 21%
Magic:  24/24      EV: 24    Int:  3 (11) God:    Okawaru [*****.]
Gold:   1732       SH:  0    Dex: 17      Spells: 0 memorised, 16 levels left

rFire  + . .     SeeInvis +     a - +1 quarterstaff (freeze)
rCold  . . .     Clarity  +     P - +2 chain mail {rF+}
rNeg   + . .     SustAt   .     (no shield)
rPois  +         Gourm    .     c - +1 hat
rElec  .         Spirit   .     R - +0 cloak
rCorr  +         Warding  .     S - +0 pair of gloves of the Moon {rPois rCorr}
rMut   .         Rnd*Tele +     b - +2 pair of boots of Nanguiju {*Confuse rPois rN+}
MR     +....                    Z - amulet of clarity
Stlth  ..........               D - +4 ring of evasion
                                g - +5 ring of intelligence

@: heroism, very slightly contaminated, invisible, somewhat resistant to hostile
enchantments, extremely unstealthy
A: retaliatory headbutt, horns 2, see invisible, regeneration 1, teleportitis 1
a: Heroism, Finesse, Renounce Religion


You were on level 3 of the Spider Nest.
You worshipped Okawaru.
Okawaru was extremely pleased with you.
You were not hungry.

You visited 5 branches of the dungeon, and saw 27 of its levels.
You also visited: Volcano.

You collected 3449 gold pieces.
You spent 1713 gold pieces at shops.

Inventory:

Hand weapons
 a - a +1 quarterstaff of freezing (weapon)
 Q - a +0 quarterstaff of flaming
Missiles
 p - 18 tomahawks of returning (quivered)
Armour
 b - the +2 pair of boots of Nanguiju (worn) {*Confuse rPois rN+}
   (You bought it in a shop on level 2 of the Orcish Mines)

   It protects you from poison.
   It protects you from negative energy.
   It may confuse you when you take damage.
 c - a +1 hat (worn)
 P - a +2 chain mail of fire resistance (worn)
 R - a +0 cloak (worn)
 S - the +0 pair of gloves of the Moon (worn) {rPois rCorr}
   (Okawaru gifted it to you on level 4 of the Lair of Beasts)

   It protects you from poison.
   It protects you from acid and corrosion.
 Y - a +0 pair of boots
Jewellery
 g - a +5 ring of intelligence (left hand)
 i - a +4 ring of slaying
 l - an uncursed amulet of resist mutation
 q - an uncursed amulet of resist corrosion
 s - an uncursed amulet of the gourmand
 y - a +3 ring of protection
 D - a +4 ring of evasion (right hand)
 K - an uncursed ring of positive energy
 V - an uncursed ring of fire
 Z - an amulet of clarity (around neck)
Magical devices
 m - a wand of teleportation (3)
 E - a wand of heal wounds (2)
 L - a wand of paralysis (16)
 O - a wand of fire (3)
 T - a wand of lightning (6)
 X - a wand of confusion (25)
Scrolls
 h - 5 scrolls of amnesia
 j - 4 scrolls of remove curse
 n - 10 scrolls of identify
 o - 3 scrolls of immolation
 r - 2 scrolls of recharging
 t - 6 scrolls of teleportation
 v - 2 scrolls of magic mapping
 x - 2 scrolls of enchant armour
 z - a scroll of fear
 B - 4 scrolls of enchant weapon
 C - a scroll of blinking
 H - 3 scrolls of fog
Potions
 d - 3 potions of resistance
 f - 3 potions of agility
 J - 3 potions of curing
 M - 2 potions of cure mutation
 N - 3 potions of berserk rage
 U - a potion of haste
 W - a potion of invisibility
Books
 u - a book of Minor Magic

   Spells                             Type                      Level
   a - Magic Dart                     Conjuration                  1
   b - Blink                          Translocation                2
   c - Call Imp                       Summoning                    2
   d - Repel Missiles                 Charms/Air                   2
   e - Slow                           Hexes                        2
   f - Conjure Flame                  Conjuration/Fire             3
   g - Mephitic Cloud                 Conjuration/Poison/Air       3
Miscellaneous
 I - a stone of tremors
Comestibles
 e - 8 bread rations
 k - 10 beef jerkies
 w - 4 fruits
 A - 11 royal jellies
 G - 5 meat rations


   Skills:
 + Level 15.4(20.4) Fighting
 - Level 15.5(20.5) Staves
 - Level 2.0(7.0) Throwing
 + Level 15.4(20.4) Armour
 + Level 14.4(19.4) Dodging
 + Level 0.6 Spellcasting
 - Level 13.1 Invocations


You had 16 spell levels left.
You didn't know any spells.

Dungeon Overview and Level Annotations

Branches:
Dungeon (11/15)            Temple (1/1) D:7            Lair (8/8) D:9
 Shoals (0/4) Lair:4       Spider (3/4) Lair:3        Slime (0/6) Lair:6
    Orc (4/4) D:11            Elf (0/3) Orc:4

Altars:
Ashenzari
Dithmenos
Elyvilon
Gozag
Kikubaaqudgha
Makhleb
Nemelex Xobeh
Okawaru
Ru
Sif Muna
Xom
Beogh

Shops:
D:5 (   D:7 }   Orc:2 [   Orc:4 (}=*}

Annotations:
Spider:1 exclusion: Roxanne, Roxanne


Innate Abilities, Weirdness & Mutations

You reflexively headbutt those who attack you in melee.
You have a pair of horns on your head.
You have supernaturally acute eyesight.
Your natural rate of healing is unusually fast.
You are occasionally teleported to nearby monsters.


Message History

Your surroundings suddenly seem different.
A tarantella comes into view.
The tarantella hisses angrily.
A demonic crawler comes into view.
The demonic crawler gives a hideous shriek!
The jumping spider leaps!
Found a leather armour and 35 gold pieces. 3 redbacks come into view.
Drink which item? (? for menu, Esc to quit)
You fade into invisibility!
The jumping spider hisses angrily.
The spider misses you. The demonic crawler misses you.
The demonic crawler closely misses you. The demonic crawler misses you.
You are very lightly contaminated with residual magic.
A redback comes into view.
The spider hisses angrily. x2
The jumping spider misses you. You furiously retaliate!
You headbutt the jumping spider. The jumping spider closely misses you.
The jumping spider pounces on you!
You die...

## .....#..... ≈≈≈
..^.^$...... ≈≈≈.
.ss........
≈≈≈.#.....$.....
#≈≈...s^.......
#≈≈.s#^#....[..
≈#≈....s...#.... ##
≈≈≈≈...ss.....## ≈≈≈
#..#...s@....... ##≈#
#^........... ≈≈≈≈≈
#....#.#.....
^≈...######s.........
...#..s.s.†s..... ..^
.....?.sssss...... ..
........ss.s....... .
.......<............
.......^.........


You could see 2 demonic crawlers, 3 wolf spiders, 2 jumping spiders, 2
tarantellas, 4 redbacks and 3 spiders.

Vanquished Creatures
  An acid blob (Lair:6)
  2 ghost moths
  An orc warlord (Orc:4)
  An emperor scorpion (Spider:2)
  Nessos (Lair:7)
  Snorg (Lair:8)
  An entropy weaver (Spider:2)
  9 hydras
  A catoblepas (Lair:8)
  15 death yaks
  An orc high priest (Orc:2)
  Urug (D:10)
  Nergalle (Orc:3)
  A large abomination (Spider:2)
  The ghost of megapuddi the Thaumaturge, an experienced SpEn of Dithmenos (D:10)
  3 hill giants
  8 orb spiders
  2 wolf spider zombies (Spider:2)
  5 orc sorcerers (Orc:4)
  18 wolf spiders
  A necromancer (Spider:1)
  2 manticores (Lair:8)
  4 slime creatures
  7 elephants
  The ghost of jorbis the Magician, an experienced DsWz of Vehumet (D:7)
  2 ugly things
  5 griffons
  3 toenail golems (Volcano)
  A cyclops (Orc:4)
  A guardian serpent (Lair:8)
  A torpor snail (Spider:1)
  17 spiny frogs
  12 black mambas
  10 komodo dragons
  A kobold demonologist (D:11)
  An emperor scorpion zombie (Spider:2)
  3 fire drakes
  A tengu conjurer (D:11)
  3 trolls
  5 jumping spiders
  14 demonic crawlers
  Prince Ribbit (D:6)
  A hornet zombie (Spider:2)
  A jumping spider zombie (Spider:2)
  A two-headed ogre (D:11)
  A boulder beetle (Spider:2)
  28 blink frogs
  A shadow (D:11)
  9 trapdoor spiders
  29 redbacks
  A wraith (D:11)
  2 deep elf magi
  10 hippogriffs
  6 humans (Volcano)
  4 vampire mosquitoes
  45 yaks
  12 tarantellas
  2 hungry ghosts (D:11)
  2 wyverns (Lair:8)
  3 basilisks
  11 wargs
  6 soldier ants (Spider:2)
  An orb spider zombie (Spider:2)
  27 water moccasins
  The ghost of busb the Cudgeler, an average OgWn of Okawaru (D:3)
  18 spiders
  9 porcupines
  A wasp (Lair:8)
  An ice beast (D:7)
  5 sky beasts
  A black bear (D:8)
  17 orc warriors
  An eye of draining (D:11)
  16 ogres
  2 phantoms
  3 centaurs
  5 big kobolds
  21 crocodiles
  5 brain worms (Spider:2)
  24 giant frogs
  A wyvern zombie (D:11)
  A wyvern skeleton (D:9)
  11 scorpions
  22 killer bees
  5 small abominations (Spider:2)
  5 crimson imps
  7 hounds
  2 centaur zombies (D:6)
  3 giant frog skeletons
  A centaur skeleton (D:4)
  Ijyb (D:2)
  12 iguanas
  8 jellies
  23 worker ants
  25 orc priests
  52 orc wizards
  9 sheep
  A hound zombie (D:7)
  67 river rats
  3 gnolls (D:7)
  15 adders
  4 shadow imps
  7 oozes
  3 worms
  2 adder skeletons
  9 giant geckos
  224 orcs
  2 ball pythons
  5 giant cockroaches
  16 goblins
  18 hobgoblins
  30 kobolds
  11 bats
  A giant gecko skeleton (D:6)
  2 giant newts
  6 quokkas
  19 rats
  7 crawling corpses (Spider:2)
1143 creatures vanquished.

Vanquished Creatures (others)
  A worker ant (Spider:2)
  A river rat (Lair:8)
  2 orcs (Orc:4)
  A crawling corpse (Spider:2)
  18 fungi
  8 plants
31 creatures vanquished.

Grand Total: 1174 creatures vanquished

Notes
Turn   | Place    | Note
--------------------------------------------------------------
     0 | D:1      | Geeful the Minotaur Gladiator began the quest for the Orb.
     0 | D:1      | Reached XP level 1. HP: 18/18 MP: 0/0
   312 | D:1      | Reached XP level 2. HP: 25/25 MP: 1/1
   659 | D:1      | Reached skill level 1 in Armour
   860 | D:1      | Reached skill level 4 in Staves
   957 | D:2      | Noticed Ijyb
   985 | D:2      | Killed Ijyb
   985 | D:2      | Reached XP level 3. HP: 26/31 MP: 2/2
  1163 | D:2      | Found an ancient bone altar of Kikubaaqudgha.
  1653 | D:3      | Reached XP level 4. HP: 38/38 MP: 3/3
  1774 | D:3      | Noticed busb's ghost (average OgWn)
  1951 | D:3      | Killed busb's ghost
  1951 | D:3      | Reached skill level 5 in Staves
  1951 | D:3      | Reached XP level 5. HP: 25/46 MP: 4/4
  2313 | D:3      | Reached XP level 6. HP: 39/52 MP: 5/5
  3404 | D:4      | Reached XP level 7. HP: 35/60 MP: 6/6
  3590 | D:4      | Reached skill level 6 in Staves
  3590 | D:4      | Reached skill level 5 in Dodging
  3625 | D:4      | Reached skill level 5 in Fighting
  3665 | D:4      | Noticed a water moccasin
  3679 | D:4      | Killed a water moccasin
  3679 | D:4      | Reached skill level 5 in Armour
  4004 | D:4      | You fall through a shaft!
  4004 | D:5      | Entered Level 5 of the Dungeon
  4021 | D:4      | Found a deep blue altar of Sif Muna.
  4074 | D:5      | Reached XP level 8. HP: 44/70 MP: 7/7
  4432 | D:5      | Found Mustres's Weapon Emporium.
  4450 | D:5      | Reached skill level 7 in Staves
  4581 | D:5      | Found a sacrificial altar of Ru.
  4582 | D:5      | Found a shattered altar of Ashenzari.
  5345 | D:5      | Found a shadowy altar of Dithmenos.
  5433 | D:6      | Reached skill level 8 in Staves
  5516 | D:6      | Reached XP level 9. HP: 66/79 MP: 8/8
  5782 | D:6      | Noticed Prince Ribbit
  5813 | D:6      | Killed Prince Ribbit
  6025 | D:6      | Found a shimmering altar of Xom.
  6213 | D:7      | Gained mutation: You are dopey. (Int -2) [potion of mutation]
  6213 | D:7      | Gained mutation: You have a somewhat thin skeletal structure (Dex +2, Stealth). [potion of mutation]
  6222 | D:7      | Found a burning altar of Makhleb.
  6368 | D:7      | Found Muisim's Gadget Shop.
  6398 | D:7      | Reached skill level 9 in Staves
  6405 | D:7      | Found a staircase to the Ecumenical Temple.
  6668 | Temple   | Entered the Ecumenical Temple
  6684 | Temple   | Became a worshipper of Warmaster Okawaru
  7064 | D:7      | Noticed jorbis's ghost (experienced DsWz)
  7151 | D:7      | Killed jorbis's ghost
  7453 | D:8      | Acquired Okawaru's first power
  7623 | D:8      | Reached XP level 10. HP: 86/90 MP: 9/9
  8002 | D:8      | Found an opulent altar of Gozag.
  8071 | D:8      | Reached skill level 10 in Staves
  8288 | D:8      | Noticed a purple ugly thing
  8306 | D:8      | Killed a purple ugly thing
  8491 | D:8      | Lost mutation: You have a somewhat thin skeletal structure (Dex +2, Stealth). [mutagenic meat]
  8492 | D:8      | Gained mutation: You are resistant to electric shocks. [mutagenic meat]
  8493 | D:8      | Gained mutation: You can breathe flames. [mutagenic meat]
  8494 | D:8      | Gained mutation: You are occasionally teleported to nearby monsters. [mutagenic meat]
  8496 | D:8      | Lost mutation: You are dopey. (Int -2) [potion of cure mutation]
  8496 | D:8      | Lost mutation: You are occasionally teleported to nearby monsters. [potion of cure mutation]
  8496 | D:8      | Lost mutation: You are resistant to electric shocks. [potion of cure mutation]
  8496 | D:8      | Lost mutation: You can breathe flames. [potion of cure mutation]
  8663 | D:9      | Found a staircase to the Lair.
  8666 | D:9      | Noticed an elephant
  8687 | D:8      | Killed an elephant
  9426 | D:9      | Found a sparkling altar of Nemelex Xobeh.
  9802 | D:9      | Reached skill level 10 in Armour
  9806 | D:9      | Reached skill level 10 in Fighting
 10330 | Lair:1   | Entered Level 1 of the Lair of Beasts
 10397 | Lair:1   | Reached XP level 11. HP: 75/100 MP: 7/10
 10403 | Lair:1   | Reached skill level 11 in Staves
 10407 | Lair:1   | Reached skill level 10 in Dodging
 11779 | Lair:2   | Found a dark tunnel.
 11788 | Volcano  | Entered a volcano
 12830 | Lair:2   | Noticed a five-headed hydra
 12830 | Lair:2   | Noticed a seven-headed hydra
 12858 | Lair:2   | Killed a five-headed hydra
 12862 | Lair:2   | Killed a seven-headed hydra
 12862 | Lair:2   | Acquired Okawaru's second power
 12862 | Lair:2   | Reached skill level 12 in Staves
 13062 | Lair:2   | Noticed a seven-headed hydra
 13074 | Lair:2   | Killed a seven-headed hydra
 13074 | Lair:2   | Received a gift from Okawaru
 13330 | Lair:3   | Got a brightly glowing great mace
 13331 | Lair:3   | Identified the +1 great mace of Spontaneous Combustion {holy, rN++} (You found it on level 3 of the Lair of Beasts)
 13522 | Lair:3   | Gained mutation: You are occasionally teleported to nearby monsters. [potion of mutation]
 13522 | Lair:3   | Gained mutation: Your natural rate of healing is unusually fast. [potion of mutation]
 13522 | Lair:3   | Gained mutation: You have supernaturally acute eyesight. [potion of mutation]
 13615 | Lair:3   | Found a hole to the Spider Nest.
 13638 | Lair:3   | Reached XP level 12. HP: 110/110 MP: 14/14
 13934 | Lair:4   | Reached skill level 5 in Invocations
 14093 | Lair:4   | Found a staircase to the Shoals.
 14364 | Lair:4   | Received a gift from Okawaru
 14367 | Lair:4   | Got a pair of warped gloves {god gift}
 14373 | Lair:4   | Identified the +0 pair of gloves of the Moon {rPois rCorr} (Okawaru gifted it to you on level 4 of the Lair of Beasts)
 15663 | Lair:5   | Reached skill level 10 in Invocations
 16280 | Lair:5   | Reached XP level 13. HP: 106/116 MP: 20/20
 16652 | Lair:6   | Found a staircase to the Slime Pits.
 16667 | Lair:5   | HP: 3/116 [seven-headed hydra (9)]
 17038 | Lair:5   | Received a gift from Okawaru
 17589 | Lair:6   | Noticed an acid blob
 17605 | Lair:6   | Killed an acid blob
 17605 | Lair:6   | Reached skill level 13 in Invocations
 17948 | Lair:7   | Received a gift from Okawaru
 18709 | Lair:7   | Noticed Nessos
 18717 | Lair:7   | Killed Nessos
 18835 | Lair:7   | Received a gift from Okawaru
 18840 | Lair:7   | Reached XP level 14. HP: 117/127 MP: 22/22
 18974 | Lair:8   | Entered Level 8 of the Lair of Beasts
 18982 | Lair:8   | Identified a scroll of acquirement
 18985 | Lair:8   | Got a jet-studded mottled dragon armour
 18986 | Lair:8   | Identified the +1 mottled dragon armour of Submission {rElec rPois rCorr Int+2} (You acquired it on level 8 of the Lair of Beasts)
 19578 | Lair:8   | Received a gift from Okawaru
 20124 | Lair:8   | Received a gift from Okawaru
 20202 | Lair:8   | Noticed Snorg
 20218 | Lair:8   | Killed Snorg
 20662 | Lair:8   | Upgraded the game from 0.17-a0-1460-g8163d8a to 0.17-a0-1475-g9f81d98
 20662 | Lair:8   | Upgraded the game from 0.17-a0-1475-g9f81d98 to 0.17-a0-1481-gfdcec5c
 20902 | D:10     | Entered Level 10 of the Dungeon
 21467 | D:10     | Reached skill level 14 in Staves
 21546 | D:10     | Noticed Urug
 21556 | D:10     | Killed Urug
 21577 | D:10     | Noticed megapuddi's ghost (experienced SpEn)
 21601 | D:10     | Killed megapuddi's ghost
 21820 | D:11     | Found a staircase to the Orcish Mines.
 22067 | D:11     | Received a gift from Okawaru
 22458 | D:11     | Reached XP level 15. HP: 137/137 MP: 23/23
 23229 | Orc:1    | Entered Level 1 of the Orcish Mines
 23394 | Orc:2    | Found Zynitir's Antique Armour Emporium.
 23645 | Orc:2    | Bought a pair of fine boots for 275 gold pieces
 23659 | Orc:2    | Identified the +2 pair of boots of Nanguiju {*Confuse rPois rN+} (You bought it in a shop on level 2 of the Orcish Mines)
 24517 | Orc:3    | Found a roughly hewn altar of Beogh.
 24879 | Orc:3    | Noticed Nergalle
 24883 | Orc:3    | Found a roughly hewn altar of Beogh.
 24902 | Orc:3    | Killed Nergalle
 25068 | Orc:4    | Entered Level 4 of the Orcish Mines
 25088 | Orc:4    | Found a staircase to the Elven Halls.
 25272 | Orc:4    | Found Hitiwkeo's Antique Weapon Emporium.
 25576 | Orc:4    | Found Kifustuq's General Store.
 25598 | Orc:4    | Bought a potion of heal wounds for 70 gold pieces
 25605 | Orc:4    | Found Osilucvi's Gadget Emporium.
 25680 | Orc:4    | Received a gift from Okawaru
 25714 | Orc:4    | Found Xeddaroani's Gadget Boutique.
 25714 | Orc:4    | Found Evup's Jewellery Emporium.
 25973 | Orc:4    | Found a roughly hewn altar of Beogh.
 26296 | Orc:4    | Bought a +4 ring of slaying for 936 gold pieces
 26298 | Orc:4    | Bought a +4 ring of evasion for 432 gold pieces
 26613 | Spider:1 | Entered Level 1 of the Spider Nest
 26863 | Spider:1 | Received a gift from Okawaru
 27155 | Spider:1 | Noticed Roxanne
 27899 | Spider:2 | Reached skill level 15 in Staves
 28924 | Spider:2 | Reached skill level 15 in Armour
 29235 | Spider:2 | Reached skill level 15 in Fighting
 29810 | Spider:2 | Reached XP level 16. HP: 88/149 MP: 24/24
 30173 | Spider:2 | Lost intelligence.
 30820 | Spider:2 | Received a gift from Okawaru
 31007 | Spider:3 | HP: 2/149 [wolf spider (7)]
 31010 | Spider:3 | Slain by a jumping spider

Vault maps used:
D:1:      eino_arrival_druids_welcome, serial_bayou_pond_e,
          minmay_misc_feat_ornament
D:2:      kiku_gazebo_garden_becter, uniq_iyjb
D:4:      lemuel_upstairs_altar, first_bread, minmay_small_thing
D:5:      gammafunk_temple_overflow_statue, serial_shops,
          nicolae_shop_statue_plus, grunt_dithmenos_shadows
D:6:      lemuel_coloured_pillars_altar, uniq_prince_ribbit1
D:7:      lightli_temple_of_fire, temple_statues, serial_shops, shop
D:8:      kennysheep_mini, hangedman_little_slice_of_home
D:9:      nemelex_deck, david_lair_generic
D:10:     hangedman_decor_peaks_small, uniq_urug
D:11:     hangedman_cross_cluster, orc_david_3
Temple:   oiseaux_autumnal_temple_12
Lair:2:   nicolae_volcano_entry_lava_flow, grunt_megastairs_3
Lair:3:   spider_nest_entry_webs, patterned_corridor, infiniplex_staircase_pool
Lair:4:   minmay_shoals_entry_centaurs, serial_bayou_shore_b
Lair:6:   minmay_slime_entry_pillars, st_stairs_4
Lair:7:   uniq_nessos
Lair:8:   hangedman_lair_in_review, hangedman_lair_tendril_chambers, uniq_snorg
Spider:1: cheibrodos_spider_creepycove, uniq_roxanne
Spider:2: hangedman_creepy_crawlies
Spider:3: nicolae_spider_cling_ruins
Orc:2:    serial_shops, shop
Orc:3:    basic_altar, nicolae_orc_pool_cavern, mines2_david, uniq_nergalle
Orc:4:    st_orc_town, serial_shops, shop
Volcano:  volcano_bunker

Action                   |  1- 3 |  4- 6 |  7- 9 | 10-12 | 13-15 | 16-18 || total
-------------------------+-------+-------+-------+-------+-------+-------++-------
Melee: Quarterstaff      |    92 |   107 |   396 |   816 |  2248 |   235 ||  3894
       Hand axe          |       |    13 |       |       |       |       ||    13
 Fire: Blowgun           |       |       |    16 |    28 |       |       ||    44
Throw: Throwing net      |       |       |     4 |       |       |       ||     4
       Tomahawk          |       |       |    10 |       |       |       ||    10
Invok: Heroism           |       |       |       |    12 |    21 |     4 ||    37
       Finesse           |       |       |       |     1 |     7 |     1 ||     9
Evoke: Wand              |       |       |     5 |     2 |     7 |       ||    14
       Deck              |       |       |       |     1 |       |       ||     1
  Use: Scroll            |     4 |       |    10 |     8 |     5 |     2 ||    29
       Potion            |     6 |     1 |     3 |     5 |     5 |     2 ||    22
 Stab: Held in net/web   |       |       |     1 |       |       |       ||     1
       Paralysed         |       |       |       |       |     5 |       ||     5
  Eat: Chunk             |     6 |    13 |    15 |    34 |    36 |     2 ||   106
       Fruit             |       |       |       |       |     5 |     4 ||     9
